 Dungeon Crawl Stone Soup version 0.18-a0-1774-gce1f7b6 (webtiles) character file.

458 dobroeutro the Shield-Bearer (level 7, 0/44 HPs)
             Began as a Gargoyle Fighter on Apr 15, 2016.
             Was an Initiate of Okawaru.
             Slain by an ogre
             ... wielding a +0 giant club
              (15 damage)
             ... on level 4 of the Dungeon.
             The game lasted 00:04:45 (2630 turns).

dobroeutro the Shield-Bearer (Gargoyle Fighter)     Turns: 2630, Time: 00:04:47

Health: 0/44       AC: 13    Str: 21    XL:     7   Next: 6%
Magic:  7/7        EV:  7    Int:  9    God:    Okawaru [......]
Gold:   93         SH: 10    Dex:  9    Spells: 0 memorised, 6 levels left

rFire  . . .     SeeInvis .     a - +0 flail
rCold  . . .     Gourm    .     b - +0 scale mail
rNeg   + . .     Faith    .     c - +0 shield
rPois  ∞         Spirit   .     (no helmet)
rElec  +         Dismiss  .     i - +0 cloak
rCorr  .         Reflect  .     (no gloves)
SustAt .         Harm     .     (no boots)
MR     .....                    (no amulet)
Stlth  ..........               (no ring)
                                w - ring of flight

@: not resistant to hostile enchantments, extremely unstealthy
A: negative energy resistance 1, electricity resistance, unbreathing,
petrification resistance, rot immunity, AC +4
a: Renounce Religion, Evoke Flight


You were on level 4 of the Dungeon.
You worshipped Okawaru.
Okawaru was noncommittal.
You were hungry.

You visited 2 branches of the dungeon, and saw 5 of its levels.

You collected 93 gold pieces.

Inventory:

Hand Weapons
 a - a +0 flail (weapon)
Armour
 b - a +0 scale mail (worn)
 c - a +0 shield (worn)
 i - a +0 cloak (worn)
Jewellery
 w - a ring of flight (left hand)
Wands
 v - a wand of random effects (25/48)
 y - a wand of lightning (6/15)
 D - a wand of lightning (12/15)
Scrolls
 e - 4 scrolls of identify {unknown}
 j - 2 scrolls of magic mapping {unknown}
 k - a scroll of fog {unknown}
 l - 2 scrolls of remove curse {unknown}
 m - a scroll of enchant armour {unknown}
 o - 2 scrolls of noise {unknown}
 q - a scroll of amnesia {unknown}
 r - a scroll of recharging {unknown}
 x - a scroll of teleportation {unknown}
 B - 3 scrolls of fear {unknown}
Potions
 d - a potion of might
 p - 2 potions of degeneration {unknown}
 s - 4 potions of mutation {unknown}
 t - a potion of haste {unknown}
 u - 2 potions of heal wounds {unknown}
 z - 3 potions of brilliance {unknown}
 A - a potion of curing {unknown}
Comestibles
 f - 5 bread rations
 g - a beef jerky
 h - 6 fruits
 n - 2 meat rations


   Skills:
 + Level 5.2 Fighting
 + Level 3.7 Maces & Flails
 + Level 5.0 Armour
 + Level 5.2 Shields


You had 6 spell levels left.
You didn't know any spells.

Dungeon Overview and Level Annotations

Branches:
Dungeon (4/15)             Temple (1/1) D:4

Altars:
Cheibriados
Dithmenos
Nemelex Xobeh
Okawaru
Pakellas
Yredelemnul


Innate Abilities, Weirdness & Mutations

You are resistant to torment.
Your stone body is resilient (AC +4).
You are immune to poison.
You resist negative energy.
You are resistant to electric shocks.
You can survive without breathing.
You are immune to petrification.
You are immune to rotting.


Message History

The ogre is lightly wounded.
The ogre hits you with a giant club!
You hit the ogre.
The ogre is moderately wounded.
The ogre hits you but does no damage.
Your shield and scale mail prevent you from hitting the ogre.
The ogre is moderately wounded.
You hit the ogre.
The ogre is moderately wounded.
The ogre hits you but does no damage. You block the ogre's attack.
You barely miss the ogre.
The ogre is moderately wounded.
The ogre barely misses you.
You sock the ogre!
The ogre is severely wounded.
The ogre hits you with a giant club!
You sock the ogre!
The ogre is almost dead.
The ogre hits you with a giant club!
You die...

#.#..# #.##.##
#.##..#
#.###.## #.#
#... #.# #.P.
#.# #.._
###<#########
#.# #.P.
.....ZO@....#
#(###...
....#######.#
#....... .
#.#########...
#.............
###.#####.....
#>....'.....
#######.....
########.....
..........#+#


You could see an ogre and a giant gecko skeleton.

Vanquished Creatures
  A sky beast (D:4)
  The ghost of SkaryMonk the Changer, an amateur OpTm (D:3)
  A scorpion (D:4)
  A howler monkey (D:4)
  Jessica (D:3)
  An orc wizard (D:3)
  A hound skeleton (D:4)
  A gnoll (D:1)
  5 adders
  An ooze (D:3)
  An adder skeleton (D:4)
  A worm (D:2)
  2 dart slugs (D:3)
  4 giant geckos
  3 orcs (D:3)
  5 bats
  2 giant cockroaches
  6 goblins
  4 hobgoblins
  10 jackals
  2 quokkas (D:4)
  A giant gecko skeleton (D:4)
  6 giant newts
  4 kobolds
  12 rats
77 creatures vanquished.

Vanquished Creatures (others)
  Ijyb (D:3)
1 creature vanquished.

Grand Total: 78 creatures vanquished

Notes
Turn   | Place    | Note
--------------------------------------------------------------
     0 | D:1      | dobroeutro the Gargoyle Fighter began the quest for the Orb.
     0 | D:1      | Reached XP level 1. HP: 14/14 MP: 1/1
     3 | D:1      | Noticed an electric eel
     3 | D:1      | Noticed an electric eel
   125 | D:1      | Reached XP level 2. HP: 16/19 MP: 2/2
   402 | D:1      | Reached XP level 3. HP: 24/24 MP: 3/3
   663 | D:2      | Found an oddly glowing altar of Pakellas.
   867 | D:2      | Reached XP level 4. HP: 19/29 MP: 4/4
  1151 | D:3      | Found a snail-covered altar of Cheibriados.
  1324 | D:3      | Found a snail-covered altar of Cheibriados.
  1445 | D:3      | Noticed Jessica
  1451 | D:3      | Killed Jessica
  1451 | D:3      | Reached XP level 5. HP: 25/33 MP: 5/5
  1672 | D:3      | Noticed SkaryMonk's ghost (amateur OpTm)
  1682 | D:3      | Noticed Ijyb
  1734 | D:3      | Killed SkaryMonk's ghost
  1734 | D:3      | Reached XP level 6. HP: 15/39 MP: 6/6
  1738 | D:3      | Killed Ijyb
  2101 | D:4      | Found a staircase to the Ecumenical Temple.
  2114 | Temple   | Entered the Ecumenical Temple
  2149 | Temple   | Became a worshipper of Warmaster Okawaru
  2230 | D:4      | Noticed a sky beast
  2234 | D:4      | Reached skill level 5 in Shields
  2297 | D:4      | Reached skill level 5 in Fighting
  2328 | D:4      | Killed a sky beast
  2328 | D:4      | Reached skill level 5 in Armour
  2328 | D:4      | Reached XP level 7. HP: 33/44 MP: 7/7
  2568 | D:4      | Found a basalt altar of Yredelemnul.
  2630 | D:4      | Slain by an ogre

Vault maps used:
D:1:      arrival_aquarium_b
D:2:      grunt_pakellas_mercury
D:3:      lemuel_crystal_altar, first_bread, hangedman_decor_points,
          cheibriados_altar_1, uniq_jessica, uniq_iyjb
D:4:      yredelemnul_altar_generic, minmay_temple_entry_overgrown
Temple:   dpeg_five_rooms_temple_12

Skill      XL: |  1  2  3  4  5  6 |
---------------+-------------------+-----
Shields        | 4 5 |  5.2
Fighting       | 4 5 |  5.2
Armour         | 4 5 |  5.0
Maces & Flails | 3 |  3.7

Action                   |  1- 3 |  4- 6 |  7- 9 || total
-------------------------+-------+-------+-------++-------
Melee: Flail             |   112 |   341 |    28 ||   481
  Eat: Chunk             |       |     5 |     1 ||     6
Armor: Scale mail        |    70 |   243 |    30 ||   343
Dodge: Dodged            |    37 |   130 |    11 ||   178
Block: Shield            |    69 |   203 |    18 ||   290
